 Dungeon Crawl Stone Soup version 0.15.1-3-g1b33baa (webtiles) character file.

45 Hodglim the Ruinous (level 3, 0/21 HPs)
             Began as a High Elf Conjurer on Oct 7, 2014.
             Was an Initiate of Vehumet.
             Slain by Crazy Yiuf
             ... wielding a +3 quarterstaff of chaos
              (9 damage)
             ... on Level 2 of the Dungeon.
             The game lasted 00:07:46 (1667 turns).

Hodglim the Ruinous (High Elf Conjurer)             Turns: 1667, Time: 00:07:47

HP   0/21        AC  3     Str  7      XL: 3   Next: 42%
MP   7/10        EV 10     Int 20      God: Vehumet [......]
Gold 52          SH  0     Dex 15      Spells:  2 memorised,  6 levels left

rFire  . . .     SeeInvis .     k - +0 short sword
rCold  . . .     Clarity  .     h - +0 leather armour
rNeg   . . .     rCorr    .     (no shield)
rPois  .         rRot     .     (no helmet)
rElec  .         Spirit   .     (no cloak)
SustAb .         Warding  .     (no gloves)
rMut   .         Stasis   .     (no boots)
Gourm  .                        (no amulet)
MR     .....                    (no ring)
                                i - ring of invisibility

@: not resistant to hostile enchantments, unstealthy
A: no striking features
a: Renounce Religion, Evoke Invisibility


You were on level 2 of the Dungeon.
You worshipped Vehumet.
Vehumet was noncommittal.
You were not hungry.

You visited 1 branch of the dungeon, and saw 2 of its levels.

You collected 52 gold pieces.

Inventory:

Hand weapons
 k - a +0 short sword (weapon)
Armour
 h - a +0 leather armour (worn)
 l - a +0 ring mail
Comestibles
 b - a bread ration
 d - a rotting chunk of giant newt flesh
Jewellery
 i - a ring of invisibility (left hand)
Potions
 a - a potion of magic {unknown}
 e - a potion of flight {unknown}
 f - 3 potions of curing {unknown}
 g - 2 potions of confusion {unknown}
 j - 2 potions of brilliance {unknown}
Books
 c - a book of Conjurations

   Spells                             Type                      Level
   *Magic Dart                        Conjuration                  1
   *Searing Ray                       Conjuration                  2
   Dazzling Spray                     Conjuration/Hexes            3
   Fulminant Prism                    Conjuration/Hexes            4
   Iskenderun's Mystic Blast          Conjuration                  4
   Iskenderun's Battlesphere          Conjuration/Charms           5


   Skills:
 - Level 2.1 Dodging
 - Level 2.1 Stealth
 + Level 3.5 Spellcasting
 + Level 5.1 Conjurations


You had 6 spell levels left.
You knew the following spells:

 Your Spells              Type           Power        Failure   Level  Hunger
a - Magic Dart            Conj           ###.         1%          1    None
b - Searing Ray           Conj           ###...       2%          2    ##.....


Dungeon Overview and Level Annotations

Branches:
Dungeon (2/15)

Altars:
Vehumet

Annotations:
D:2 Crazy Yiuf


Message History

Okay, then.
You smell something rotten. (slot d)
Found a hammer.
Crazy Yiuf the Enlightened comes into view.
He is wielding a quarterstaff of chaos.
Crazy Yiuf shouts!
Crazy Yiuf moves out of view.
Press: ? - help, v - describe, . - travel
Here: Crazy Yiuf, wielding a quarterstaff of chaos and wearing a cloak The floor.
Casting: Magic Dart
Confirm with . or Enter, or press ? or * to list all spells.
Aiming: Searing Ray
Press: ? - help, Shift-Dir - straight line, f - Crazy Yiuf
Aim: Crazy Yiuf, wielding a quarterstaff of chaos and wearing a cloak The searing ray hits Crazy Yiuf.
Crazy Yiuf is lightly wounded.
Crazy Yiuf hits you with a quarterstaff of chaos!
The searing ray misses Crazy Yiuf.
Crazy Yiuf hits you with a quarterstaff of chaos!
You die...

##.###
#....#
##..##
#....#
..####....##
#....#
...........#
##...#
...........#
##.##
.##........#
##.#
####....##
#.## ##%###
##.# .# #.#
#@##
#######.#
#g#
........#
...
#########
#...# #)..#
#####


You could see Crazy Yiuf.

Vanquished Creatures
  2 adders (D:2)
  6 giant cockroaches
  3 goblins
  3 hobgoblins (D:1)
  2 kobolds (D:1)
  4 bats (D:1)
  A giant gecko (D:1)
  2 giant newts
  2 rats
25 creatures vanquished.

Notes
Turn   | Place    | Note
--------------------------------------------------------------
     0 | D:1      | Hodglim, the High Elf Conjurer, began the quest for the Orb.
     0 | D:1      | Reached XP level 1. HP: 11/11 MP: 4/4
   167 | D:1      | Reached XP level 2. HP: 17/17 MP: 0/6
  1445 | D:2      | Reached skill level 5 in Conjurations
  1445 | D:2      | Reached XP level 3. HP: 19/21 MP: 1/10
  1538 | D:2      | Learned a level 2 spell: Searing Ray
  1613 | D:2      | Found a radiant altar of Vehumet.
  1636 | D:2      | Became a worshipper of Vehumet
  1663 | D:2      | Noticed Crazy Yiuf
  1667 | D:2      | Slain by Crazy Yiuf

Action                   || total
-------------------------++-------
 Cast: Magic Dart        ||    50
       Searing Ray       ||     1
  Eat: Chunk             ||     2
